 Dungeon Crawl Stone Soup version 0.30-a0-777-ga9a30cbeda (webtiles) character file.

Game seed: 781264289210718638

177 Oxelix the Chopper (level 5, -2/48 HPs)
             Began as a Hill Orc Fighter on Feb 14, 2023.
             Was an Initiate of Beogh.
             Slain by a gnoll sergeant
             ... wielding a +1 spear of venom
              (5 damage)
             ... on level 3 of the Dungeon.
             The game lasted 00:04:26 (2441 turns).

Oxelix the Chopper (Hill Orc Fighter)               Turns: 2441, Time: 00:04:27

Health: -2/48      AC:  8    Str: 21    XL:     5   Next: 57%
Magic:  5/5        EV:  5    Int:  8    God:    Beogh [......]
Gold:   139        SH:  0    Dex: 10    Spells: 4/4 levels left

rFire   . . .      SeeInvis .    a - +0 war axe
rCold   . . .      Faith    .    c - +0 buckler
rNeg    . . .      Spirit   .    b - +0 scale mail
rPois   .          Reflect  .    (no helmet)
rElec   .          Harm     .    (no cloak)
rCorr   .          Rampage  .    (no gloves)
Will    +....                    w - +0 pair of boots Stlth
                                 v - amulet of regeneration
HPRegen 1.08/turn                s - ring of willpower
MPRegen 0.09/turn                (no ring)

@: mighty, held
A: no striking features
a: Renounce Religion


You were on level 3 of the Dungeon.
You worshipped Beogh.
Beogh was noncommittal.
You visited 1 branch of the dungeon, and saw 3 of its levels.

You collected 139 gold pieces.

Inventory:

Hand Weapons
 a - a +0 war axe (weapon)
Missiles
 m - 9 boomerangs (quivered)
Armour
 b - a +0 scale mail (worn)
 c - a +0 buckler (worn)
 w - a +0 pair of boots (worn)
Magical Staves
 p - a staff of earth
Jewellery
 k - an amulet of the acrobat
 s - a ring of willpower (left hand)
 v - an amulet of regeneration (around neck)
Scrolls
 g - 2 scrolls of enchant weapon {unknown}
 n - 3 scrolls of identify {unknown}
 r - a scroll of teleportation {unknown}
 t - a scroll of enchant armour {unknown}
 u - a scroll of immolation {unknown}
 x - a scroll of butterflies {unknown}
 y - a scroll of noise {unknown}
Potions
 e - 3 potions of heal wounds {unknown}
 f - 6 potions of curing
 h - a potion of degeneration {unknown}
 i - 2 potions of resistance {unknown}
 j - 2 potions of flight {unknown}
 l - 2 potions of mutation {unknown}
 o - a potion of cancellation {unknown}
 q - 2 potions of attraction {unknown}


   Skills:
 + Level 5.1 Fighting
 * Level 6.3 Axes
 - Level 3.2 Armour
 - Level 3.2 Shields


You had 4 spell levels left.
You didn't know any spells.
Your spell library was empty.

Dungeon Overview and Level Annotations

Branches:
Dungeon (3/15)

Altars:

Shops:
D:1 =


Message History

You kill the gnoll!
Beogh accepts your kill.
The gnoll drinks a potion.
The gnoll seems to speed up.
The dart slug launches a dart at you.
The slug dart hits you but does no damage.
You see here a +0 spear.
The gnoll barely misses you.
The gnoll throws a throwing net.
The throwing net hits you.
You become entangled in the net!
The gnoll hits you from afar with a +0 spear.
The gnoll hits you but does no damage.
The gnoll sergeant hits you from afar with a +1 spear of venom.
You see here a throwing net.
You feel very mighty all of a sudden.
The gnoll hits you from afar with a +0 spear.
The gnoll hits you with a +0 club!
The gnoll sergeant hits you from afar with a +1 spear of venom.
You are poisoned.
The dart slug bites you.
You struggle against the net.
You feel very sick.
The gnoll hits you from afar with a +0 spear.
The gnoll barely misses you.
The gnoll hits you from afar with a +0 spear.
* * * LOW HITPOINT WARNING * * *
The gnoll hits you with a +0 club.
* * * LOW HITPOINT WARNING * * *
The gnoll sergeant hits you from afar with a +1 spear of venom!
* * * LOW HITPOINT WARNING * * *
You are more poisoned.
It was a potion of curing.
You feel better.
The gnoll hits you from afar with a +0 spear.
* * * LOW HITPOINT WARNING * * *
The dart slug launches a dart at you. The slug dart misses you.
The slug dart hits the gnoll.
The gnoll hits you with a +0 flail.
* * * LOW HITPOINT WARNING * * *
The gnoll hits you with a +0 club.
* * * LOW HITPOINT WARNING * * *
The gnoll sergeant hits you from afar with a +1 spear of venom.
You die...

#.......#......###......##
#..............#..........
######.........#......#..#
#.........#....#.#...
####'######....#.#...
####.# ######..... #....#
##.... #...w# ########....
#..g@#####..........#
#.g.g#...........#..#
...'...g#........†).#..#
####....#...........#...
..................+..#
##....######.......#.##
#.... #.......#.## #....
#########†## #.##


You could see a gnoll sergeant, 3 gnolls and a dart slug.

Vanquished Creatures
  Natasha (thrice) (D:3)
  An adder (D:2)
  A gnoll (D:3)
  2 worms (D:2)
  A dart slug (D:1)
  4 orcs (D:3)
  7 ball pythons
  4 bats
  6 endoplasms
  5 giant cockroaches
  5 goblins
  6 hobgoblins
  4 jackals (D:1)
  3 kobolds
  4 quokkas
  3 frilled lizards
  7 rats
66 creatures vanquished.

Vanquished Creatures (others)
  An orc (D:3)
1 creature vanquished.

Grand Total: 67 creatures vanquished

Notes
Turn   | Place    | Note
-------+----------+-------------------------------------------
     0 | D:1      | Oxelix the Hill Orc Fighter began the quest for the Orb.
     0 | D:1      | Reached XP level 1. HP: 19/19 MP: 1/1
    68 | D:1      | Reached skill level 3 in Axes
   132 | D:1      | Reached XP level 2. HP: 27/27 MP: 2/2
   440 | D:1      | Reached skill level 4 in Axes
   474 | D:1      | Reached XP level 3. HP: 33/33 MP: 3/3
   477 | D:1      | Found Maegh's One-of-a-Kind Rings.
  1372 | D:2      | Reached XP level 4. HP: 38/41 MP: 4/4
  1427 | D:2      | Reached skill level 5 in Axes
  1802 | D:3      | Noticed Natasha
  1808 | D:3      | Killed Natasha
  1935 | D:3      | Noticed Natasha
  1955 | D:3      | Killed Natasha
  1956 | D:3      | Reached XP level 5. HP: 27/47 MP: 5/5
  2000 | D:3      | Noticed Natasha
  2012 | D:3      | Killed Natasha
  2013 | D:3      | Reached skill level 6 in Axes
  2140 | D:3      | Reached skill level 5 in Fighting
  2251 | D:3      | Found a faded altar of an unknown god.
  2254 | D:3      | Became a worshipper of Beogh the Brigand
  2440 | D:3      | HP: 2/48 [gnoll sergeant/+1 spear of venom (8)]
  2441 | D:3      | Slain by a gnoll sergeant

Illustrated notes

Levels and vault maps discovered:
D:1:      matt_arrival_spirals, layout_basic, serial_forest,
          infiniplex_forest_split, infiniplex_forest_straight_4,
          infiniplex_forest_straight_4, infiniplex_forest_3_way,
          infiniplex_forest_clump_small, infiniplex_forest_lined_2,
          nicolae_shop_unique_rings, minmay_misc_feat_four_crosses
D:2:      layout_loops_cross, minmay_misc_feat_secret_circle,
          minmay_tiny_reverse_x
D:3:      layout_basic, nicolae_ecumenical_snake_handling, uniq_natasha,
          uniq_pargi

Skill      XL: |  1  2  3  4  5 |
---------------+----------------+-----
Axes           | 3 4 5 6 |  6.3
Fighting       | 4 5 |  5.1
Armour         | |  3.2
Shields        | |  3.2

Action                     |  1- 3 |  4- 6 || total
---------------------------+-------+-------++-------
  Melee: War axe           |   118 |    81 ||   199
 Invoke: Convert to Beogh  |       |     1 ||     1
    Use: Potion            |       |     2 ||     2
 Armour: Scale mail        |    61 |    34 ||    95
  Dodge: Dodged            |    58 |    45 ||   103
  Block: Buckler           |    27 |    11 ||    38

Table legend: (Time is in decaauts)
 A = Elapsed time spent in this place.
 B = Non-inter-level travel time spent in this place.
 C = Inter-level travel time spent in this place.
 D = Time resting spent in this place.
 E = Time spent auto-exploring this place.
 F = Levels seen in this place.
 G = Mean time per level.
                   A        B        C        D        E       F      G
               +--------+--------+--------+--------+--------+-----+--------+
         Total |   2512 |   2484 |     28 |    129 |   1767 |   3 |  837.3 |
       Dungeon |   2512 |   2484 |     28 |    129 |   1767 |   3 |  837.3 |
               +--------+--------+--------+--------+--------+-----+--------+

Top non-repeatable levels by time:
     D:1: 984 daAuts
     D:3: 768 daAuts
     D:2: 758 daAuts
